 Dungeon Crawl Stone Soup version 0.25.1-8-g42b30a86e7 (webtiles) character file.

Game seed: 5425502204902790147

21605 Gabide the Blocker (level 13, 0/151 HPs)
             Began as a Human Abyssal Knight on Dec 8, 2020.
             Was the Champion of Lugonu.
             Slain by an orc knight
             ... wielding a +0 battleaxe
              (11 damage)
             ... on level 2 of the Orcish Mines.
             The game lasted 01:00:44 (16214 turns).

Gabide the Blocker (Human Abyssal Knight)          Turns: 16214, Time: 01:00:44

Health: 0/151      AC: 26    Str: 23    XL:     13   Next: 21%
Magic:  8/16       EV:  2    Int: 12    God:    Lugonu [******]
Gold:   1526       SH: 20    Dex: 14    Spells: 12/12 levels left

rFire    + . .     SeeInvis .   t - +6 war axe (freeze)
rCold    + + .     Gourm    .   j - +1 tower shield
rNeg     + + +     Faith    +   (armour currently unavailable)
rPois    +         Spirit   .   (helmet currently unavailable)
rElec    +         Reflect  .   (cloak currently unavailable)
rCorr    +         Harm     .   (gloves currently unavailable)
MR       .....     NoTele   +   (boots currently unavailable)
Stlth    +.........             I - amulet of faith
HPRegen  0.35/turn              Q - +6 ring of strength
MPRegen  0.15/turn              w - ring of protection from cold

@: lethally poisoned (0 -> -4), tree-form, resistant
A: no striking features
a: Depart the Abyss, Bend Space, Banish, Corrupt, Enter the Abyss, Brand Weapon
With Distortion, Renounce Religion


You were on level 2 of the Orcish Mines.
You worshipped Lugonu.
Lugonu was exalted by your worship.
You were not hungry.
You were a tree.
You visited 2 branches of the dungeon, and saw 12 of its levels.
You visited the Abyss 1 time.
You also visited: Ossuary.

You collected 1526 gold pieces.

Inventory:

Hand Weapons
 t - a +6 war axe of freezing (weapon)
Missiles
 q - 69 poisoned darts
 K - 2 javelins (quivered)
Armour
 d - a +1 plate armour of cold resistance
 j - a +1 tower shield (worn)
 r - a +2 pair of gloves of strength (melded)
 u - a +3 ring mail of fire resistance (melded)
 z - a +2 cloak (melded)
 O - a +0 scale mail of fire resistance
 R - a +0 pair of boots (melded)
Jewellery
 w - a ring of protection from cold (right branch)
 H - an uncursed amulet of regeneration
 I - an amulet of faith (around neck)
 N - an uncursed ring of ice
 Q - a +6 ring of strength (left branch)
Wands
 a - a wand of acid (11)
 o - a wand of flame (57)
 s - a wand of digging (3)
 y - a wand of clouds (3)
 G - a wand of paralysis (2)
Scrolls
 b - 2 scrolls of remove curse
 n - a scroll of fog
 v - 6 scrolls of teleportation
 x - 2 scrolls of fear
 B - a scroll of blinking
Potions
 e - 2 potions of cancellation
 g - 2 potions of ambrosia
 h - a potion of haste
 i - a potion of magic
 k - 4 potions of flight
 D - 4 potions of lignification
Comestibles
 c - 21 rations
 f - a chunk of flesh


   Skills:
 * Level 9.0 Fighting
 + Level 11.7(11.9) Axes
   Level 3.4(8.4) Polearms
 + Level 6.0 Throwing
 + Level 6.1 Armour
 - Level 1.0 Dodging
 * Level 11.9 Shields
 + Level 4.6 Invocations


You had 12 spell levels left.
You didn't know any spells.
Your spell library contained the following spells:

 Spells                   Type           Power        Failure   Level  Hunger
 Corona                   Hex            #......      87%         1    ##.....
 Slow                     Hex            #.......     95%         2    ###....
 Inner Flame              Hex/Fire       #.......     99%         3    ####...
 Portal Projectile        Hex/Tloc       #.....       99%         3    ####...
 Cause Fear               Hex            #.........   100%        4    #####..
 Leda's Liquefaction      Hex/Erth       #.........   100%        4    #####..


Dungeon Overview and Level Annotations

Branches:
Dungeon (10/15)            Temple (0/1) D:6            Lair (0/6) D:10
    Orc (2/2) D:10            Elf (0/3) Orc:2       Ossuary (visited)

Altars:
Cheibriados
Fedhas
Gozag
Makhleb
Uskayaw
Wu Jian
Xom
Beogh

Shops:
Orc:2 !*

Annotations:
D:6 3 runed translucent doors, Cazemata's ghost, novice MiBe
Orc:2 corrupted


Message History

You block the orange demon's attack.
Really quaff the potion of lignification?
You turn into a tree.
Your +2 cloak melds into your body.
Your +2 pair of gloves of strength melds into your body.
Your +0 pair of boots melds into your body.
Your +3 ring mail of fire resistance melds into your body.
You feel weaker.
You feel less resistant to fire.
Your roots penetrate the ground.
You feel sick.
The thrashing horror tramples the orange demon but does no damage.
The thrashing horror tramples the orange demon.
The orange demon holds its ground!
The sixfirhy hits the orc high priest!
The sixfirhy shocks the orc high priest!
The orc priest hits the thrashing horror with a cursed -3 hand axe!
The orc priest hits something but does no damage.
The orc knight hits the worldbinder with a +0 long sword!
The orc warrior hits the thrashing horror with a +0 mace.
The orc warrior hits the hellwing with a +0 trident!!
The orc knight hits you with a +0 battleaxe!
You die...

..........#.........# ##..###..#
..#................######..#####
................#..###.###..##
............#...#####§§.###..##
...........#.#.## ##§#§#.###..##
#..............# #.o.#...###..##
###............#
#.Xo###...###..#
..............####4o# ##...###..
.............###♣xo# ##.).)...
..#.........###.o.## ##..)#..
#..........####4o## ##....#
.....))...###..)oo ##....
.........###.#(3.# ##..#
.#........###x..4# ##....
#..........###.#o# ##....#
##..........###... ##...#..
#...........## #....)[)


You could see 2 orc knights, an orc high priest (strong), an orange demon, a
chaos spawn (summoned), an orc sorcerer (strong), 2 orc warriors, 3 orc priests,
a neutral thrashing horror (summoned), a neutral hellwing (summoned), a neutral
worldbinder (summoned), a neutral sixfirhy (summoned) and a neutral small
abomination (summoned).

Vanquished Creatures
  A stone giant (Orc:1)
  Fannar (D:10)
  Harold (D:9)
  A two-headed ogre (Orc:2)
  An orc high priest (Orc:2)
  Urug (D:9)
  Pikel (D:8)
  An orc knight (Orc:2)
  2 orc sorcerers
  3 ugly things
  A cyclops (Orc:1)
  A manticore (D:8)
  Joseph (D:10)
  An ice devil (Orc:2)
  5 trolls
  A queen bee (D:10)
  3 hippogriffs
  2 wraiths
  Grum (D:10)
  A human (D:7)
  A wyvern (D:10)
  A ynoxinul (Orc:2)
  4 hogs (D:7)
  7 wargs
  A water moccasin (D:9)
  22 orc warriors
  An eye of draining (D:9)
  3 ice beasts
  2 phantoms
  3 slaves (D:8)
  10 ogres
  2 black bears
  2 wolves (D:10)
  9 centaurs
  A big kobold (D:9)
  5 bullfrogs
  4 scorpions
  36 killer bees
  9 wights
  5 howler monkeys
  A bullfrog zombie (D:8)
  5 crimson imps
  24 orc priests
  5 hounds
  8 orc wizards
  A centaur skeleton (D:5)
  Jessica (D:2)
  An iguana (D:9)
  Terence (D:3)
  6 worker ants
  A hound zombie (D:5)
  A mummy (Ossuary)
  A hound skeleton (D:9)
  A worker ant zombie (D:10)
  8 adders
  3 shadow imps
  An adder zombie (D:7)
  4 worms
  3 dart slugs
  6 leopard geckos
  73 orcs
  18 bats
  9 giant cockroaches
  16 goblins
  10 hobgoblins
  9 jackals
  13 kobolds
  6 quokkas
  4 ball pythons
  6 frilled lizards
  11 gnoll skeletons (Ossuary)
  A jackal zombie (D:5)
  2 kobold skeletons (Ossuary)
  2 leopard gecko skeletons (D:4)
  A leopard gecko zombie (D:8)
  12 orc skeletons (Ossuary)
  A quokka skeleton (D:7)
  A quokka zombie (D:7)
  10 rats
445 creatures vanquished.

Vanquished Creatures (others)
  2 fungi (D:6)
  2 plants (D:6)
4 creatures vanquished.

Grand Total: 449 creatures vanquished

Notes
Turn   | Place    | Note
-------+----------+-------------------------------------------
     0 | Abyss:1  | Gabide the Human Abyssal Knight began the quest for the
                  | Orb.
     0 | Abyss:1  | Reached XP level 1. HP: 18/18 MP: 2/2
     0 | Abyss:1  | Found a corrupted altar of Lugonu.
    45 | Abyss:1  | Noticed a large abomination
    46 | D:1      | Escaped the Abyss
   308 | D:1      | Reached XP level 2. HP: 24/24 MP: 3/3
   596 | D:1      | Reached * piety under Lugonu
   596 | D:1      | Reached XP level 3. HP: 29/29 MP: 4/4
  1222 | D:2      | Reached XP level 4. HP: 35/35 MP: 5/5
  1269 | D:2      | Noticed Jessica
  1282 | D:2      | Killed Jessica
  1282 | D:2      | Reached skill level 1 in Shields
  1685 | D:2      | Found a shimmering altar of Xom.
  1720 | D:2      | Found a blossoming altar of Fedhas.
  1916 | D:2      | Reached XP level 5. HP: 23/41 MP: 6/6
  2537 | D:3      | Reached ** piety under Lugonu
  2700 | D:3      | Noticed Terence
  2720 | D:3      | Killed Terence
  3101 | D:3      | Reached skill level 1 in Axes
  3107 | D:3      | Reached XP level 6. HP: 43/48 MP: 7/7
  3881 | D:4      | Reached XP level 7. HP: 46/53 MP: 8/8
  4413 | D:5      | Entered Level 5 of the Dungeon
  4436 | D:5      | Reached *** piety under Lugonu
  4703 | D:5      | Reached XP level 8. HP: 60/60 MP: 9/9
  4878 | D:5      | Reached skill level 5 in Axes
  4924 | D:5      | Found an opulent altar of Gozag.
  5062 | D:5      | Found a sand-covered staircase.
  5067 | Ossuary  | Entered an ossuary
  5067 | Ossuary  | Noticed a wraith
  5067 | Ossuary  | Noticed a wraith
  5067 | Ossuary  | Noticed a wraith
  5144 | Ossuary  | Noticed a wraith
  5159 | Ossuary  | Killed a wraith
  5476 | D:5      | Reached **** piety under Lugonu
  5752 | D:5      | Found a snail-covered altar of Cheibriados.
  6056 | D:6      | Reached skill level 1 in Throwing
  6414 | D:6      | Found a runed translucent gate.
  6415 | D:6      | Found a runed translucent gate.
  6415 | D:6      | Noticed Cazemata's ghost (novice MiBe)
  6482 | D:6      | Found an ornate altar of the Wu Jian Council.
  6503 | D:6      | Found a runed translucent gate.
  6504 | D:6      | Identified the cursed +1 dagger "Uquffepoh" {drain, rElec
                  | Dex+7 Stlth-}
  6504 | D:6      | Noticed a kobold demonologist
  6676 | D:6      | Reached skill level 5 in Shields
  6676 | D:6      | Reached XP level 9. HP: 65/65 MP: 10/10
  6774 | D:6      | Found a staircase to the Ecumenical Temple.
  7479 | D:7      | Noticed a hippogriff
  7810 | D:7      | Killed a hippogriff
  7940 | D:7      | Reached XP level 10. HP: 73/73 MP: 12/12
  7986 | D:7      | Noticed a purple ugly thing
  7986 | D:7      | Noticed a red ugly thing
  8008 | D:7      | Killed a white ugly thing
  8024 | D:7      | Killed a brown ugly thing
  8024 | D:7      | Reached skill level 5 in Fighting
  8039 | D:7      | Reached ***** piety under Lugonu
  9121 | D:8      | Noticed a manticore
  9123 | D:8      | Noticed Pikel
  9132 | D:8      | Killed a manticore
  9138 | D:8      | Killed Pikel
  9138 | D:8      | Reached skill level 5 in Armour
  9138 | D:8      | Reached XP level 11. HP: 47/81 MP: 14/14
  9531 | D:8      | Noticed a +0 hand axe
  9532 | D:8      | Found a hide-covered altar of Uskayaw.
  9532 | D:8      | Noticed a +0 dagger
 10387 | D:9      | Found a burning altar of Makhleb.
 10731 | D:9      | Noticed Harold
 10751 | D:9      | Killed Harold
 10765 | D:9      | Noticed a white ugly thing
 10796 | D:9      | Killed a white ugly thing
 10796 | D:9      | Reached skill level 5 in Throwing
 11411 | D:10     | Entered Level 10 of the Dungeon
 11411 | D:10     | Noticed Urug
 11711 | D:9      | Killed Urug
 11711 | D:9      | Reached skill level 10 in Axes
 12128 | D:10     | Reached skill level 10 in Shields
 12734 | D:10     | Reached XP level 12. HP: 88/91 MP: 15/15
 12803 | D:10     | Noticed Joseph
 12812 | D:10     | Noticed Grum
 12816 | D:10     | Killed Joseph
 12821 | D:10     | Killed Grum
 12822 | D:10     | Reached ****** piety under Lugonu
 12823 | D:10     | Noticed Fannar
 12853 | D:10     | Killed Fannar
 13144 | D:10     | Found a staircase to the Lair.
 13278 | D:10     | Found a roughly hewn altar of Beogh.
 13279 | D:10     | Found a staircase to the Orcish Mines.
 13431 | Orc:1    | Entered Level 1 of the Orcish Mines
 13495 | Orc:1    | Noticed a stone giant
 13851 | Orc:1    | Killed a stone giant
 14272 | Orc:1    | Found a burning altar of Makhleb.
 14516 | Orc:2    | Entered Level 2 of the Orcish Mines
 14517 | Orc:2    | Found a staircase to the Elven Halls.
 14519 | Orc:2    | Noticed an orc high priest
 14862 | Orc:2    | Noticed a sun demon
 14863 | Orc:2    | Killed an orc high priest
 15374 | Orc:2    | Found Xuirhuoth's General Store.
 15681 | Orc:2    | Found Optama's Distillery.
 15702 | Orc:2    | Reached XP level 13. HP: 47/99 MP: 16/16
 16213 | Orc:2    | Corrupted Orc:2
 16214 | Orc:2    | Slain by an orc knight

Illustrated notes

Levels and vault maps discovered:
D:1:      minmay_arrival_hallway, layout_loops_ring
D:2:      layout_basic, fedhas_altar_1, xom_butterflies, uniq_jessica
D:3:      kennysheep_six_static_rooms, layout_basic, uniq_terence
D:4:      layout_basic, first_ration, hangedman_abyss_or_decor_lesser_grid,
          chequers_serial_rivers_small_a, minmay_misc_feat_columns, st_stairs_14
D:5:      layout_loops_corners, grunt_gozag_breadcrumbs, cheibriados_altar_1,
          nicolae_ossuary_entry_false_entrances
D:6:      layout_gridville, kennysheep_mini, minmay_temple_entry_glassed_door,
          gammafunk_ghost_nasty_kobolds
D:7:      wad_guarded_room, layout_basic, grunt_livestock
D:8:      layout_cave_pods, dancing_weapons_uskayaw, uniq_pikel
D:9:      layout_grid_maze, nicolae_overflow_crystal_walls, uniq_harold
D:10:     layout_long_grid, lair_entry_dummy, david_orc_5, enter_bailey_8,
          minivault_7, uniq_fannar, uniq_grum, uniq_urug, uniq_joseph
Orc:1:    layout_caves, basic_altar
Orc:2:    pf_orc_diabolical, layout_caves

Skill      XL: |  1  2  3  4  5  6  7  8  9 10 11 12 13 |
---------------+----------------------------------------+-----
Polearms       | 3 |  3.4
Shields        | 1 2 3 4 5 6 8 10 11 | 11.9
Axes           | 1 3 4 6 7 9 10 11 | 11.7
Armour         | 3 4 5 6 |  6.1
Fighting       | 4 5 7 8 9 |  9.0
Throwing       | 1 3 4 5 6 |  6.0
Invocations    | 3 4 |  4.6
Dodging        | |  1.0

Action                   |  1- 3 |  4- 6 |  7- 9 | 10-12 | 13-15 || total
-------------------------+-------+-------+-------+-------+-------++-------
Melee: Spear             |   149 |   126 |       |       |       ||   275
       War axe           |       |   107 |   212 |   553 |    52 ||   924
Throw: Dart              |       |       |    22 |    48 |     1 ||    71
       Boomerang         |       |       |     5 |    13 |       ||    18
       Javelin           |       |       |     5 |    46 |     5 ||    56
       Throwing net      |       |       |     1 |     3 |       ||     4
Invok: Depart the Abyss  |     1 |       |       |       |       ||     1
       Bend Space        |       |       |    17 |    17 |     1 ||    35
       Corrupt           |       |       |       |       |     1 ||     1
Evoke: Wand              |       |       |       |     2 |       ||     2
  Use: Scroll            |     5 |    10 |    10 |    13 |     2 ||    40
       Potion            |       |       |       |    18 |     2 ||    20
 Stab: Paralysed         |       |       |       |     4 |       ||     4
       Held in net/web   |       |       |       |     1 |       ||     1
       Sleeping          |       |       |       |     4 |       ||     4
       Invisible         |       |       |       |     1 |       ||     1
  Eat: Chunk             |     1 |     9 |     3 |    11 |       ||    24
       Ration            |       |       |     3 |     4 |     1 ||     8
Armor: Leather armour    |    24 |       |       |       |       ||    24
       Chain mail        |    26 |    79 |       |       |       ||   105
       Ring mail         |       |    16 |    81 |   240 |     6 ||   343
       Plate armour      |       |       |       |    17 |     8 ||    25
       Skin              |       |       |       |     5 |       ||     5
Dodge: Dodged            |    59 |    21 |    41 |   149 |     5 ||   275
Block: Tower shield      |    41 |   139 |   157 |   693 |    64 ||  1094
